 Dungeon Crawl Stone Soup version 0.28-a0-872-g80cf8599ee (webtiles) character file.

Game seed: 4721748783817854633

627 sanka the Chopper (level 7, -7/55 HPs)
             Began as a Palentonga Abyssal Knight on Nov 20, 2021.
             Was a Believer of Lugonu.
             Succumbed to a water moccasin's poison
             ... on level 6 of the Dungeon.
             The game lasted 00:06:19 (5658 turns).

sanka the Chopper (Palentonga Abyssal Knight)       Turns: 5658, Time: 00:06:20

Health: -7/55      AC:  5    Str: 18    XL:     7   Next: 23%
Magic:  6/19       EV:  9    Int: 22    God:    Lugonu [**....]
Gold:   263        SH:  0    Dex: 11    Spells: 6/6 levels left

rFire   . . .      SeeInvis +   B - +12 quarterstaff "Iwaphial" {spect, Will+ Int+3}
rCold   . . .      Faith    .   (shield currently unavailable)
rNeg    . . .      Spirit   +   q - +0 robe "Tamuor" {Int+9 Stlth+}
rPois   .          Reflect  .   e - +0 helmet
rElec   .          Harm     .   (no cloak)
rCorr   .          Rampage  .   (no gloves)
Will    ++...                   (no barding)
Stlth   ++........              u - amulet of guardian spirit
HPRegen 0.18/turn               t - ring of willpower
MPRegen 0.16/turn               w - ring of magical power

@: lethally poisoned (-7 -> -43)
A: large, rugged brown scales 3, see invisible, deformed body, roll 1, armoured
tail, reflexive curl
a: Rolling Charge, Renounce Religion, Depart the Abyss, Bend Space


You were on level 6 of the Dungeon.
You worshipped Lugonu.
Lugonu was pleased with you.
You visited 1 branch of the dungeon, and saw 6 of its levels.
You visited the Abyss 1 time.

You collected 263 gold pieces.


Innate Abilities, Weirdness & Mutations

You are completely covered in rugged brown scales. (AC +3, +7% HP)
You have supernaturally acute eyesight. (SInv)
Armour fits poorly on your strangely shaped body.
You can roll at nearby foes to attack.
You have a long armoured tail.
You curl defensively after being hit. (AC +7*)


   Skills:
 - Level 3.0 Fighting
 - Level 6.0 Axes
 - Level 1.5 Armour
 - Level 0.7 Dodging
 - Level 2.4 Shields
 + Level 5.1 Invocations


You had 6 spell levels left.
You didn't know any spells.
Your spell library contained the following spells:

 Spells                   Type           Power      Damage    Failure   Level
 Animate Skeleton         Necr           0%         N/A       17%         1
 Magic Dart               Conj           0%         1d3       17%         1
 Pain                     Necr           0%         1d4       17%         1
 Call Imp                 Summ           0%         N/A       26%         2
 Mephitic Cloud           Conj/Pois/Air  0%         N/A       45%         3
 Vampiric Draining        Necr           0%         2d6       45%         3

Inventory:

Hand Weapons
 a - a +0 war axe
 B - the +12 quarterstaff "Iwaphial" (weapon) {spect, Will+ Int+3} When its wielder attacks, the weapon's spirit leaps out and strikes again. The spirit shares a part of any damage it takes with its wielder. Int: It affects your intelligence (+3). Will: It increases your willpower.
Armour
 e - a +0 helmet (worn)
 f - a +0 buckler
 q - the +0 robe "Tamuor" (worn) {Int+9 Stlth+}

   Int:       It affects your intelligence (+9).
   Stlth:     It makes you more stealthy.
Jewellery
 t - a ring of willpower (left hand)
 u - an amulet of guardian spirit (around neck)
 w - a ring of magical power (right hand)
 A - an amulet of reflection
Wands
 s - a wand of iceblast (7)
 x - a wand of charming (14)
Scrolls
 c - 2 scrolls of enchant weapon {unknown}
 h - 2 scrolls of immolation {unknown}
 j - a scroll of noise {unknown}
 k - 3 scrolls of identify {unknown}
 m - a scroll of fear {unknown}
 n - a scroll of holy word {unknown}
 p - a scroll of enchant armour {unknown}
 v - a scroll of amnesia {unknown}
 y - 3 scrolls of vulnerability {unknown}
Potions
 b - a potion of flight {unknown}
 d - 4 potions of curing {unknown}
 g - a potion of heal wounds {unknown}
 i - 4 potions of degeneration {unknown}
 l - a potion of brilliance {unknown}
 o - a potion of might {unknown}
 r - a potion of invisibility {unknown}
 z - a potion of mutation {unknown}

Dungeon Overview and Level Annotations

Branches:
Dungeon (6/15)             Temple (0/1) D:4

Altars:
Dithmenos
Wu Jian

Annotations:
D:2 Sigmund
D:5 exclusion: water moccasin

▒▒▒▒▒ .... ▒..▒
▒▒.▒▒▒..▒ ......))▒
▒.▒▒▒▒o▒▒▒▒▒▒▒▒▒▒▒▒▒▒
▒...H†...............
▒▒▒▒▒7....▒▒▒▒▒▒▒▒▒▒▒
£....▒▒▒.▒ ▒........
▒▒▒▒.▒ ▒.▒ ▒.▒▒▒▒▒▒.
▒.▒ ▒.▒ ▒.▒ ▒. ▒.▒
▒.▒ ▒.▒▒▒▒▒▒. ▒.▒ ▒.▒
▒.....▒▒. ..▒ ▒.▒
▒▒▒▒▒.▒▒. ...
▒▒▒▒.▒▒▒


You could see an orc and a friendly +12 quarterstaff "Iwaphial" {spect, Will+
Int+3} (summoned, wandering).


Message History

The orc closely misses you. The water moccasin bites you.
* * * LOW HITPOINT WARNING * * *
You are poisoned.
The water moccasin poisons you! The orc closely misses you.
You sock the water moccasin!
The water moccasin is heavily wounded.
You feel very sick.
The water moccasin bites you but does no damage.
The orc hits you with a +0 war axe. The water moccasin bites you.
* * * LOW HITPOINT WARNING * * *
You are lethally poisoned!
The water moccasin poisons you!
You hear the slow rusting of a very distant drain.
* * * LOW HITPOINT WARNING * * *
You feel very sick.
* * * LOW HITPOINT WARNING * * *
You feel very sick. The water moccasin bites you.
You are more poisoned.
The water moccasin poisons you!
Unknown command.
You sock the water moccasin!
The water moccasin is almost dead.
Your +12 quarterstaff "Iwaphial" {spect, Will+ Int+3} hits the water moccasin!
You kill the water moccasin!
Lugonu accepts your kill.
You die...

Action                   |  1- 3 |  4- 6 |  7- 9 || total
-------------------------+-------+-------+-------++-------
Melee: Hand axe          |   120 |    10 |       ||   130
       Tailslap          |     7 |    12 |     3 ||    22
       War axe           |       |    93 |       ||    93
       Quarterstaff      |       |     6 |    15 ||    21
Invok: Depart the Abyss  |     1 |       |       ||     1
 Abil: Rolling Charge    |     2 |     3 |       ||     5
 Stab: Sleeping          |       |     3 |       ||     3
Armor: Leather armour    |    63 |    22 |       ||    85
       Robe              |       |    23 |     6 ||    29
Dodge: Dodged            |    59 |    71 |    12 ||   142
Block: Buckler           |    13 |    17 |       ||    30

Levels and vault maps discovered:
D:1:      dpeg_arrival_castle, layout_basic
D:2:      layout_loops_ring, uniq_sigmund
D:3:      layout_basic, uniq_jessica
D:4:      layout_basic, mainiacjoe_overflow_brackets,
          minmay_temple_entry_proselytizer
D:5:      layout_loops_ring, mainiacjoe_overflow_alcove_2
D:6:      layout_basic, nemelex_diamond_rough_becter,
          lemuel_zombie_altar_yredelemnul, cheibrodos_sewer_entry_bend,
          palyth_stone_intersect, uniq_blork_the_orc

Notes
Turn   | Place    | Note
-------+----------+-------------------------------------------
     0 | Abyss:1  | sanka the Palentonga Abyssal Knight began the quest for the
                  | Orb.
     0 | Abyss:1  | Reached XP level 1. HP: 19/19 MP: 2/2
   253 | Abyss:1  | Noticed a chaos spawn
   273 | Abyss:1  | Noticed a ynoxinul
   275 | D:1      | Escaped the Abyss
   595 | D:1      | Reached * piety under Lugonu
   621 | D:1      | Reached XP level 2. HP: 24/25 MP: 3/3
  1280 | D:2      | Reached skill level 3 in Axes
  1282 | D:2      | Reached skill level 1 in Shields
  1331 | D:2      | Reached XP level 3. HP: 31/31 MP: 4/4
  1736 | D:2      | Noticed Sigmund
  2553 | D:3      | Reached XP level 4. HP: 37/37 MP: 5/5
  2785 | D:2      | Reached skill level 2 in Shields
  3014 | D:3      | Reached ** piety under Lugonu
  3155 | D:3      | Reached skill level 4 in Axes
  3359 | D:3      | Noticed Jessica
  3360 | D:3      | Killed Jessica
  3361 | D:3      | Reached XP level 5. HP: 43/43 MP: 6/6
  3554 | D:4      | Identified the +0 robe "Tamuor" {Int+9 Stlth+}
  3756 | D:4      | Found a staircase to the Ecumenical Temple.
  4008 | D:4      | Found a shadowy altar of Dithmenos.
  4092 | D:4      | Reached skill level 5 in Axes
  4270 | D:5      | Entered Level 5 of the Dungeon
  4374 | D:5      | Noticed a water moccasin
  4543 | D:5      | Noticed a necrophage
  4550 | D:5      | Killed a necrophage
  4551 | D:5      | Reached XP level 6. HP: 23/50 MP: 7/7
  4754 | D:5      | Reached skill level 6 in Axes
  4868 | D:5      | Reached skill level 3 in Invocations
  5166 | D:5      | Found an ornate altar of the Wu Jian Council.
  5269 | D:5      | Identified the +12 quarterstaff "Iwaphial" {spect, Will+
                  | Int+3}
  5432 | D:5      | Killed a water moccasin
  5433 | D:5      | Reached skill level 4 in Invocations
  5433 | D:5      | Gained mutation: You curl defensively after being hit. (AC
                  | +7*) [Palentonga growth]
  5433 | D:5      | Reached XP level 7. HP: 37/55 MP: 10/10
  5651 | D:6      | Reached skill level 5 in Invocations
  5657 | D:6      | HP: 3/55 [poisoned by a water moccasin]
  5658 | D:6      | Succumbed to a water moccasin's poison

Vanquished Creatures
  2 water moccasins
  A necrophage (D:5)
  2 hounds
  2 jellies
  3 orc priests
  Jessica (D:3)
  2 orc wizards (D:6)
  5 adders
  2 ufetubi
  An adder skeleton (D:4)
  A worm (D:3)
  3 dart slugs
  9 orcs
  4 endoplasms
  3 giant cockroaches (D:2)
  6 goblins
  5 hobgoblins
  4 jackals (D:1)
  3 quokkas
  8 ball pythons
  5 bats
  4 frilled lizards
  6 kobolds
  5 rats
87 creatures vanquished.
